 Dungeon Crawl Stone Soup version 0.27-a0-1256-gced786f65e (webtiles) character file.

Game seed: 5587823193960661854

39 funkygono the Stinger (level 3, 0/24 HPs)
             Began as a Formicid Venom Mage on June 10, 2021.
             Slain by a goblin
             ... wielding a +0 dagger
             ... led by Robin
              (3 damage)
             ... on level 1 of the Dungeon.
             The game lasted 00:03:02 (1198 turns).

funkygono the Stinger (Formicid Venom Mage)         Turns: 1198, Time: 00:03:03

Health: 0/24       AC:  2    Str: 12    XL:     3   Next: 67%
Magic:  6/7        EV: 12    Int: 15    God:
Gold:   19         SH:  0    Dex: 11    Spells: 2/8 levels left

rFire    . . .     SeeInvis +   b - +0 mace
rCold    . . .     Faith    .   (no shield)
rNeg     . . .     Spirit   .   a - +0 robe
rPois    .         Reflect  .   (helmet unavailable)
rElec    .         Harm     .   (no cloak)
rCorr    .         Rampage  .   (no gloves)
Will     .....                  (no boots)
Stlth    ++........             (no amulet)
HPRegen  0.08/turn              (no ring)
MPRegen  0.10/turn              (no ring)

@: no status effects
A: permanent stasis, dig shafts and tunnels, antennae 3, four strong arms
a: Dig, Shaft Self


You were on level 1 of the Dungeon.
You visited 1 branch of the dungeon, and saw 2 of its levels.

You collected 19 gold pieces.

Inventory:

Hand Weapons
 b - a +0 mace (weapon)
Armour
 a - a +0 robe (worn)


   Skills:
 + Level 0.2 Maces & Flails
 + Level 1.7 Dodging
 - Level 2.4 Stealth
 * Level 3.1 Spellcasting
 + Level 1.2 Transmutations
 * Level 4.9 Poison Magic


You had 2 spell levels left.
You knew the following spells:

 Your Spells              Type           Power      Damage    Failure   Level
a - Sting                 Tmut/Pois      44%        1d5       5%          1
b - Poisonous Vapours     Pois/Air       18%        N/A       11%         2
c - Ignite Poison         Fire/Tmut/Pois 8%         N/A       26%         3

Your spell library contained the following spells:

 Spells                   Type           Power      Damage    Failure   Level
 Olgreb's Toxic Radiance  Pois           17%        N/A       26%         4
 Mephitic Cloud           Conj/Pois/Air  7%         N/A       30%         3


Dungeon Overview and Level Annotations

Branches:
Dungeon (2/15)

Altars:

Annotations:
D:1 Robin


Innate Abilities, Weirdness & Mutations

You cannot be hasted, slowed, berserked, paralysed or teleported.
You can dig through walls and to a lower floor.
You have a pair of large antennae on your head. (SInv)
Your four strong arms can wield two-handed weapons with a shield.


Message History

You kill the goblin!
The ball python bites you but does no damage.
The ball python grabs you. The ball python constricts you.
The ball python barely misses you. The ball python constricts you.
A goblin comes into view. It is wielding a +0 club.
The goblin hits you with a +0 dagger.
You escape the ball python's grasp.
The goblin hits you but does no damage.
There is a stone staircase leading up here.
The ball python bites you. The ball python grabs you.
You stop ascending the stairs.
The ball python constricts you. The goblin hits you with a +0 dagger.
Unknown command.
You escape the ball python's grasp.
The goblin hits you with a +0 dagger. The ball python misses you.
The ball python grabs you.
You stop ascending the stairs.
The ball python constricts you. The goblin barely misses you.
Robin throws the goblin at you!
Unknown command.
You escape the ball python's grasp.
The goblin no longer looks unusually strong.
The goblin hits you but does no damage. x2
The ball python bites you but does no damage.
The ball python grabs you.
You stop ascending the stairs.
The ball python constricts you.
Unknown command.
You escape the ball python's grasp.
The goblin hits you with a +0 dagger.
* * * LOW HITPOINT WARNING * * *
The goblin hits you with a +0 dagger.
* * * LOW HITPOINT WARNING * * *
You climb upwards.
There is a stone staircase leading down here.
Unknown command.
The ball python bites you but does no damage.
The ball python misses you.
Robin roars a battlecry!
The goblins go into a battle-frenzy!
The ball python closely misses you. The ball python grabs you.
The ball python constricts you.
You escape the ball python's grasp.
The goblin hits you with a +0 dagger.
You die...

######.......##.###.
#...................
#..........##.#...#.
#..........##.#.....
#.................#.
#...†.....###.#.#.##
###...........#†#.#.
#.#######.....#.#.
###@### #...###.#.
#.gS..# #....##.#.
#gg...# ##...##'#.
#.>...######...#....
#...................
#.!.........#.......
#...........#.......
#...........#.......
#...........#.......


You could see Robin, 2 goblins and a ball python.

Vanquished Creatures
  A dart slug (D:1)
  2 bats
  5 endoplasms (D:1)
  2 giant cockroaches (D:1)
  5 goblins
  3 hobgoblins (D:1)
  2 quokkas (D:1)
  7 ball pythons (D:1)
  A frilled lizard (D:1)
  A kobold (D:1)
  2 rats (D:1)
31 creatures vanquished.

Notes
Turn   | Place    | Note
-------+----------+-------------------------------------------
     0 | D:1      | funkygono the Formicid Venom Mage began the quest for the
                  | Orb.
     0 | D:1      | Reached XP level 1. HP: 13/13 MP: 3/3
   122 | D:1      | Reached XP level 2. HP: 13/19 MP: 1/5
   137 | D:1      | Learned a level 2 spell: Poisonous Vapours
   547 | D:1      | Reached XP level 3. HP: 24/24 MP: 4/7
   593 | D:1      | Learned a level 3 spell: Ignite Poison
  1175 | D:2      | Noticed Robin
  1198 | D:1      | Slain by a goblin

Illustrated notes

Levels and vault maps discovered:
D:1:      ebering_trefoil_3fold, layout_basic
D:2:      layout_rooms, shapermc_ecumenical_altar_notcrosses,
          minmay_nonomino_d4, uniq_robin

Skill      XL: |  1  2  3 |
---------------+----------+-----
Spellcasting   | 3 |  3.1
Maces & Flails | |  0.2
Dodging        | |  1.7
Stealth        | |  2.4
Transmutations | |  1.2
Poison Magic   | |  4.9

Action                   || total
-------------------------++-------
Melee: Mace              ||    28
 Cast: Sting             ||    30
       Poisonous Vapours ||     6
  Use: Scroll            ||     2
Armor: Robe              ||    13
Dodge: Dodged            ||    33

Table legend: (Time is in decaauts)
 A = Elapsed time spent in this place.
 B = Non-inter-level travel time spent in this place.
 C = Inter-level travel time spent in this place.
 D = Time resting spent in this place.
 E = Time spent auto-exploring this place.
 F = Levels seen in this place.
 G = Mean time per level.
                   A        B        C        D        E       F      G
               +--------+--------+--------+--------+--------+-----+--------+
         Total |   1208 |   1204 |      4 |      0 |    977 |   2 |  604.0 |
       Dungeon |   1208 |   1204 |      4 |      0 |    977 |   2 |  604.0 |
               +--------+--------+--------+--------+--------+-----+--------+

Top non-repeatable levels by time:
     D:1: 1174 daAuts
     D:2: 34 daAuts
